 Dungeon Crawl Stone Soup version 0.24-a0-580-g6a6c3f83c1 (webtiles) character file.

Game seed: 15729853878052224532

54 Gynju the Slasher (level 3, 0/29 HPs)
             Began as a Barachi Fighter on Aug 22, 2019.
             Slain by a gnoll
             ... wielding a +0 halberd
              (7 damage)
             ... on level 1 of the Dungeon.
             The game lasted 00:01:28 (1320 turns).

Gynju the Slasher (Barachi Fighter)                 Turns: 1320, Time: 00:01:28

Health: 0/29       AC:  8    Str: 18    XL:     3   Next: 91%
Magic:  3/3        EV:  7    Int:  8    God:
Gold:   50         SH:  9    Dex: 11    Spells: 2/2 levels left

rFire    . . .     SeeInvis .   a - +0 long sword
rCold    . . .     Gourm    .   c - +0 shield
rNeg     . . .     Faith    .   b - +0 scale mail
rPois    .         Spirit   .   i - +0 helmet
rElec    .         Reflect  .   (no cloak)
rCorr    .         Harm     .   (no gloves)
MR       .....                  (no boots)
Stlth    ..........             (no amulet)
HPRegen  0.09/turn              (no ring)
MPRegen  0.08/turn              (no ring)

@: slow
A: +LOS, swims, slowness 1, strong legs 1
a: Hop


You were on level 1 of the Dungeon.
You were not hungry.

You visited 1 branch of the dungeon, and saw 2 of its levels.

You collected 50 gold pieces.

Inventory:

Hand Weapons
 a - a +0 long sword (weapon)
Armour
 b - a +0 scale mail (worn)
 c - a +0 shield (worn)
 i - a +0 helmet (worn)
Jewellery
 q - an uncursed ring of magical power {unknown}
Scrolls
 e - 2 scrolls of teleportation {unknown}
 j - 4 scrolls of amnesia {unknown}
 k - a scroll of random uselessness {unknown}
 l - a scroll of enchant weapon {unknown}
 n - a scroll of enchant armour {unknown}
 o - a scroll of remove curse {unknown}
 p - a scroll of fog {unknown}
 r - 4 scrolls of identify {unknown}
Potions
 d - a potion of might
 h - a potion of flight {unknown}
 m - a potion of brilliance {unknown}
 s - a potion of heal wounds {unknown}
 t - 2 potions of curing {unknown}
Comestibles
 f - 4 rations
 g - 4 chunks of flesh


   Skills:
 - Level 3.6 Fighting
 + Level 5.0 Long Blades
 - Level 3.6 Armour
 - Level 3.2 Shields


You had 2 spell levels left.
You didn't know any spells.
Your spell library was empty.

Dungeon Overview and Level Annotations

Branches:
Dungeon (2/15)

Altars:


Innate Abilities, Weirdness & Mutations

Shadows flee at your approach. (+LOS)
You can swim through water.
You cover ground slowly.
You can hop short distances.


Message History

You are too injured to fight recklessly!
You are too injured to fight recklessly!
You are too injured to fight recklessly!
You are too injured to fight recklessly!
You are too injured to fight recklessly!
You are too injured to fight recklessly!
You are too injured to fight recklessly!
You are too injured to fight recklessly!
You are too injured to fight recklessly!
You are too injured to fight recklessly!
You are too injured to fight recklessly!
You are too injured to fight recklessly!
You are too injured to fight recklessly!
You are too injured to fight recklessly!
You are too injured to fight recklessly!
You are too injured to fight recklessly!
You hit the gnoll.
The gnoll is heavily wounded.
The gnoll hits you with a +0 halberd!
You die...

........#.................).....#
........#.#......................
.......##.#....########♣♣♣♣...(..
##...........##### ♣♣♣...#
.............#...# ♣♣♣♣♣
###....#..##.#.#.# ############ #
######...#...#.# #..........#
#######....#..##g# #..........#
+..............)@# #..........#
#.##.........#.#g# #..........#
#.##.##.#........###..........#
.....##.#.....#...##....÷.....#
#######.#.....#...##..........#
..## #.+.....##...#..........#
...# ###.....##.#.#..........#
...# ###.....##..............#
...# #.......###.#...#########


You could see 2 gnolls.

Vanquished Creatures
  A gnoll (D:1)
  An adder (D:2)
  A leopard gecko (D:2)
  4 bats
  4 giant cockroaches
  3 goblins
  4 hobgoblins
  4 jackals (D:1)
  2 frilled lizards
  5 kobolds
  4 rats (D:1)
33 creatures vanquished.

Notes
Turn   | Place    | Note
-------+----------+-------------------------------------------
     0 | D:1      | Gynju the Barachi Fighter began the quest for the Orb.
     0 | D:1      | Reached XP level 1. HP: 18/18 MP: 1/1
   113 | D:1      | Reached skill level 3 in Long Blades
   128 | D:1      | Reached XP level 2. HP: 19/24 MP: 2/2
   611 | D:1      | Reached skill level 4 in Long Blades
   784 | D:2      | Reached XP level 3. HP: 29/29 MP: 3/3
  1210 | D:1      | Reached skill level 5 in Long Blades
  1320 | D:1      | Slain by a gnoll

Levels and vault maps discovered:
D:1:      sevenhm_arrival_forest_fort_large_4, layout_basic
D:2:      layout_basic, minmay_diced_spiral

Skill      XL: |  1  2  3 |
---------------+----------+-----
Long Blades    | 3 4 5 |  5.0
Fighting       | |  3.6
Armour         | |  3.6
Shields        | |  3.2

Action                   || total
-------------------------++-------
Melee: Long sword        ||    97
  Eat: Chunk             ||     2
Armor: Scale mail        ||    67
Dodge: Dodged            ||    47
Block: Shield            ||    61
       Rpst.: Long sword ||    16

Table legend:
 A = Non-vault XP
 B = Vault XP
 C = Vault XP percentage of total XP
 D = Non-vault monster count
 E = Vault monster count
 F = Vault count percentage of total count
                 A         B        C        D         E       F
            +---------+---------+-------+---------+---------+-------
      Total |      61 |      17 |  21.8 |      29 |       4 |  12.1
            +---------+---------+-------+---------+---------+-------
        D:1 |      51 |       0 |   0.0 |      23 |       0 |   0.0
        D:2 |      10 |      17 |  63.0 |       6 |       4 |  40.0
            +---------+---------+-------+---------+---------+-------
